 Dungeon Crawl Stone Soup version 0.30-a0-304-gdc4b735fe1 (webtiles) character file.

Game seed: 13701302026995359803

14352 lunkers the Geomancer (level 12, -3/111 (115) HPs)
             Began as a Meteoran Earth Elementalist on Oct 21, 2022.
             Was a High Priest of Ashenzari.
             Killed from afar by a rime drake (8 damage)
             ... with a flash freeze
             ... on level 4 of the Lair of Beasts.
             The game lasted 00:15:05 (4460 turns).

lunkers the Geomancer (Meteoran Earth Elementalist) Turns: 4460, Time: 00:15:06

HP:   -3/111 (115)  AC: 12    Str: 10    XL:     12   Next: 78%
MP:   35/38         EV: 19    Int: 22    God:    Ashenzari [*****.]
Gold: 852           SH: 12    Dex: 15    Spells: 25/35 levels left

rFire   . . .      SeeInvis +    a - staff of conjuration (curse) {Self, Bglg}
rCold   . . .      Faith    .    A - +0 kite shield "Shattered With Me" {Cun, Fort} (curse)
rNeg    . . .      Spirit   .    r - +1 ring mail "Shattered Bad Feelings" {Will+, Melee, Alch} (curse)
rPois   .          Reflect  .    x - +1 helmet of the Tethered Comet {Self, Elem} (curse)
rElec   .          Harm     .    D - +0 cloak of the Bound Sky {Cun, Range} (curse)
rCorr   .          Rampage  .    (no gloves)
Will    ++...      Clarity  +    g - +0 pair of boots "Chained With Me" {Elem, Range} (curse)
Stlth   +.........               (no amulet)
HPRegen 0.38/turn                i - ring "Ruined Irritation" {EV+4, Alch, Elem} (curse)
MPRegen 0.26/turn                G - ring "I Knew You'd Do That" {MP+9, Alch, Evo} (curse)

@: very slightly contaminated, glowing, lightly drained
A: sense surroundings 2, otherworldly, glowing, explore regen
a: Renounce Religion, Curse Item, Shatter the Chains


You were on level 4 of the Lair of Beasts.
You worshipped Ashenzari.
Ashenzari was extremely pleased with you.
You visited 2 branches of the dungeon, and saw 13 of its levels.

You collected 852 gold pieces.

Inventory:

Armour
 d - a +0 tower shield
 g - the cursed +0 pair of boots "Chained With Me" (worn) {Elem, Range}
   (You found it on level 2 of the Dungeon)

   It has a curse which improves the following skills: Elements: Fire Magic, Ice
   Magic, Air Magic and Earth Magic.
   Ranged Combat: Ranged Weapons and Throwing.
 n - a +1 robe of cold resistance
 o - a +3 ring mail
 r - the cursed +1 ring mail "Shattered Bad Feelings" (worn) {Will+, Melee, Alch}
   (You found it on level 5 of the Dungeon)

   It has a curse which improves the following skills: Melee Combat: Short
   Blades, Long Blades, Axes, Maces & Flails, Polearms, Staves and Unarmed
   Combat.
   Alchemy:   Poison Magic and Transmutations.
 x - the cursed +1 helmet of the Tethered Comet (worn) {Self, Elem}
   (You found it on level 4 of the Dungeon)

   It has a curse which improves the following skills: Introspection: Fighting
   and Spellcasting.
   Elements:  Fire Magic, Ice Magic, Air Magic and Earth Magic.
 A - the cursed +0 kite shield "Shattered With Me" (worn) {Cun, Fort}
   (You found it on level 6 of the Dungeon)

   It has a curse which improves the following skills: Cunning: Dodging and
   Stealth.
   Fortitude: Armour and Shields.
 D - the cursed +0 cloak of the Bound Sky (worn) {Cun, Range}
   (You found it on level 7 of the Dungeon)

   It has a curse which improves the following skills: Cunning: Dodging and
   Stealth.
   Ranged Combat: Ranged Weapons and Throwing.
 E - the +0 pair of boots "Kimaruuh" {Str+4}
   (You found it on level 8 of the Dungeon)

   Str:       It affects your strength (+4).
Magical Staves
 a - a cursed staff of conjuration (weapon) {Self, Bglg}
 H - a staff of cold
Jewellery
 i - the cursed ring "Ruined Irritation" (left hand) {EV+4, Alch, Elem}
   (You found it on level 2 of the Dungeon)

   [ring of evasion]

   EV:        It affects your evasion (+4).
   It has a curse which improves the following skills: Alchemy: Poison Magic and
   Transmutations.
   Elements:  Fire Magic, Ice Magic, Air Magic and Earth Magic.
 q - a ring of positive energy
 C - a ring of fire
 G - the cursed ring "I Knew You'd Do That" (right hand) {MP+9, Alch, Evo}
   (You took it off a vampire on level 8 of the Dungeon)

   [ring of magical power]

   MP:        It affects your magic capacity (+9).
   It has a curse which improves the following skills: Alchemy: Poison Magic and
   Transmutations.
   Evocations: Evocations.
 K - a ring of ice
 N - a ring of protection from fire
Wands
 s - a wand of flame (23)
 z - a wand of charming (21)
 L - a wand of digging (6)
 M - a wand of light (3)
Scrolls
 f - a scroll of fog
 p - 8 scrolls of identify
 u - a scroll of blinking
 v - a scroll of silence
 y - 2 scrolls of brand weapon
 B - 2 scrolls of amnesia
 J - 2 scrolls of teleportation
Potions
 b - 2 potions of magic
 c - 2 potions of cancellation
 e - 2 potions of brilliance
 h - 2 potions of berserk rage
 j - 3 potions of curing
 m - 2 potions of might
 t - 3 potions of flight
 w - 2 potions of resistance
 F - 2 potions of ambrosia
 O - a potion of haste
Miscellaneous
 l - a phantom mirror (inert)


   Skills:
 + Level 9.8(13.3) Fighting
 - Level 3.9(6.0) Armour
 + Level 11.1(14.5) Dodging
 - Level 1.4(3.6) Stealth
 + Level 9.4(11.7) Shields
 - Level 8.5(12.0) Spellcasting
 - Level 3.4(7.2) Transmutations
 - Level 11.8(16.3) Earth Magic


You had 25 spell levels left.
You knew the following spells:

 Your Spells              Type           Power      Damage    Failure   Level
a - Sandblast             Erth           100%       2d20      1%          1
b - Passwall              Tmut/Erth      50%        N/A       1%          2
c - Stone Arrow           Conj/Erth      100%       3d13      2%          3
d - Petrify               Tmut/Erth      60%        N/A       1%          4

Your spell library contained the following spells:

 Spells                   Type           Power      Damage    Failure   Level
 Beastly Appendage        Tmut           90%        N/A       1%          1
 Wereblood                Tmut           45%        N/A       1%          2
 Sting                    Tmut/Pois      100%       1d8       4%          1
 Spider Form              Tmut/Pois      30%        N/A       14%         3
 Magic Dart               Conj           84%        1d7       22%         1
 Poisonous Vapours        Pois/Air       32%        N/A       26%         2
 Statue Form              Tmut/Erth      40%        N/A       28%         6
 Blink                    Tloc           28%        N/A       32%         2
 Momentum Strike          Conj/Tloc      42%        3d9       32%         2
 Call Imp                 Summ           13%        N/A       34%         2
 Mephitic Cloud           Conj/Pois/Air  23%        N/A       50%         3
 Dazzling Flash           Conj/Hex       42%        N/A       54%         3
 Lesser Beckoning         Tloc           28%        N/A       54%         3
 Olgreb's Toxic Radiance  Pois           16%        N/A       87%         4
 Metabolic Englaciation   Hex/Ice        7%         N/A       99%         5
 Silence                  Hex/Air        7%         N/A       99%         5
 Agony                    Necr           13%        N/A       100%        5


Dungeon Overview and Level Annotations

Branches:
Dungeon (9/15) Zot: 1493     Lair (4/5) D:9 Zot: 1637   Snake (0/4) Lair:3
 Temple: D:4-7        Swamp: Lair:2-3    Shoals: Lair:2-3     Slime: Lair:4-5
    Orc: D:9-12

Altars:
Ashenzari
Hepliaklqana
Kikubaaqudgha
Okawaru
Trog

Shops:
D:4 [   D:8 (


Innate Abilities, Weirdness & Mutations

You passively map the area around you.
You are easily found by Zot.
You glow in the dark.
You regain HP and MP as you explore.


Message History

The hell rat barely misses you.
Unknown command.
Aiming: Sandblast (safe; 1% risk of failure)
Press: ? - help, Q - select action, (/) - cycle Shift-Dir - straight line, f/p - hell rat
Aim: a hell rat (almost dead, 85% to hit)
You miscast Sandblast.
You are very lightly contaminated with residual magic.
Nothing appears to happen.
* * * LOW MAGIC WARNING * * *
You block the hell rat's attack.
Unknown command.
Aiming: Sandblast (safe; 1% risk of failure)
Press: ? - help, Q - select action, (/) - cycle Shift-Dir - straight line, f/p - hell rat
Aim: a hell rat (almost dead, 85% to hit)
The blast of sand hits the hell rat.
You kill the hell rat!
* * * LOW MAGIC WARNING * * *
The wyvern bites you!
* * * LOW HITPOINT WARNING * * *
Aiming: Sandblast (safe; 1% risk of failure)
Press: ? - help, Q - select action, (/) - cycle Shift-Dir - straight line, f - wyvern
Aim: a wyvern (85% to hit)
The blast of sand hits the wyvern!
The wyvern is severely wounded.
* * * LOW MAGIC WARNING * * *
The wyvern bites you.
* * * LOW HITPOINT WARNING * * *
The wyvern bites you!
* * * LOW HITPOINT WARNING * * *
Magic courses through your body. The wyvern misses you. x2
Casting: Sandblast (safe; 1% risk of failure)
Confirm with . or Enter, or press ? or * to list all spells.
Aiming: Stone Arrow (mildly dangerous; 2% risk of failure)
Press: ? - help, Shift-Dir - straight line, f/p - wyvern
Aim: a wyvern (severely wounded, 78% to hit)
You feel a surge of power!
The stone arrow hits the wyvern!!
You kill the wyvern!
The rime drake breathes ice at you. The flash freeze hits you!
You die...

###......#.## ##......# {{
...........######.###.## *{. **
...........##P.........# ,*.#
,...........#*#.........## ... *
........[.P# #..........#....
*,,..........P# #..........†....
*, ..........####...........?...
* .........<..##k.............: ,
..........#.@†l.............. ,
..........+.##.........#.....
**,,.....!.....###..........#....
,..........###..........#..... *
*##.P####### #PP##...#####....
### ######### *...> ##, *, *


You could see a basilisk and a rime drake (catching breath).

Vanquished Creatures
  Fannar (Lair:1)
  2 centaur warriors (D:8)
  A hydra (Lair:3)
  A death yak (Lair:1)
  Pikel (D:7)
  A manticore (Lair:4)
  2 cane toads (Lair:3)
  3 rime drakes
  A slime creature (D:8)
  Sigmund (D:5)
  A vampire (D:8)
  7 wyverns
  6 yaks
  2 basilisks
  4 nagas (Lair:3)
  8 water moccasins
  3 acid dragons
  A black bear (D:5)
  4 ice beasts
  2 orc warriors
  A sky beast (D:7)
  A centaur (D:8)
  4 wolves
  A lemure (D:7)
  2 kobold brigands
  7 bullfrogs
  2 scorpions
  A necrophage (D:5)
  A gnoll sergeant (D:9)
  20 wights
  5 killer bees (D:8)
  3 vampire bats (D:5)
  7 orc priests
  2 gnoll boudas
  6 hounds
  2 jellies
  An iguana (D:5)
  6 hell rats
  6 orc wizards
  6 adders
  22 gnolls
  2 river rats (Lair:2)
  A white imp (D:7)
  An ufetubus (D:5)
  A worm (D:4)
  3 dart slugs
  25 orcs
  A bat (D:2)
  2 bat skeletons (D:5)
  3 bat zombies (D:5)
  7 endoplasms
  3 giant cockroaches (D:2)
  2 goblins
  3 hobgoblins
  2 jackals (D:4)
  4 quokkas
  2 ball pythons
  A frilled lizard (D:1)
  11 kobolds
  2 rats
234 creatures vanquished.

Vanquished Creatures (collateral kills)
  A hydra (Lair:1)
1 creature vanquished.

Vanquished Creatures (others)
  An orc wizard (D:3)
  6 fungi
  13 plants
20 creatures vanquished.

Grand Total: 255 creatures vanquished

Notes
Turn   | Place    | Note
-------+----------+-------------------------------------------
     0 | D:1      | lunkers the Meteoran Earth Elementalist began the quest for
                  | the Orb.
     0 | D:1      | Reached XP level 1. HP: 14/14 MP: 5/5
   112 | D:1      | Reached XP level 2. HP: 20/20 MP: 2/6
   409 | D:2      | Reached XP level 3. HP: 26/26 MP: 6/8
   449 | D:2      | Learned a level 2 spell: Passwall
   578 | D:2      | Found a broken altar of Ashenzari.
   686 | D:2      | Became a worshipper of Ashenzari the Shackled
   714 | D:3      | Reached skill level 5 in Earth Magic
   714 | D:3      | Reached XP level 4. HP: 33/33 MP: 7/10
   782 | D:3      | Reached XP level 5. HP: 23/38 MP: 6/11
   811 | D:3      | You fall into a shaft and drop 3 floors!
   926 | D:5      | Entered Level 5 of the Dungeon
   937 | D:5      | Noticed Sigmund
   944 | D:5      | Killed Sigmund
   945 | D:5      | Reached skill level 5 in Spellcasting
   945 | D:5      | Reached XP level 6. HP: 24/45 MP: 8/14
   946 | D:5      | Noticed a black bear
   948 | D:5      | Reached XP level 7. HP: 28/50 MP: 5/15
  1042 | D:5      | Noticed a water moccasin
  1045 | D:5      | Killed a water moccasin
  1168 | D:5      | Reached XP level 8. HP: 53/57 MP: 11/18
  1179 | D:5      | Learned a level 3 spell: Stone Arrow
  1184 | D:5      | Learned a level 4 spell: Petrify
  1483 | D:5      | Reached * piety under Ashenzari
  1563 | D:4      | Found Hudeotwa's Antique Armour Emporium.
  1603 | D:4      | Found a broken altar of Ashenzari.
  1690 | D:3      | Found a bloodstained altar of Trog.
  2031 | D:4      | Reached ** piety under Ashenzari
  2309 | D:5      | Found an ancient bone altar of Kikubaaqudgha.
  2313 | D:5      | Reached skill level 1 in Fighting
  2496 | D:6      | Gained mutation: You passively map the area around you.
                  | [Meteoran growth]
  2496 | D:6      | Reached XP level 9. HP: 68/68 MP: 19/22
  2498 | D:6      | Reached skill level 10 in Earth Magic
  2579 | D:6      | Found an iron altar of Okawaru.
  2873 | D:7      | Noticed Pikel
  2884 | D:7      | Killed Pikel
  2885 | D:7      | Reached skill level 5 in Dodging
  2885 | D:7      | Reached XP level 10. HP: 57/81 MP: 18/24
  2901 | D:7      | Found a hazy altar of Hepliaklqana.
  3126 | D:8      | Reached *** piety under Ashenzari
  3130 | D:8      | Noticed a centaur warrior
  3132 | D:8      | Reached skill level 1 in Shields
  3138 | D:8      | Noticed a centaur warrior
  3140 | D:8      | Killed a centaur warrior
  3141 | D:8      | Reached skill level 5 in Fighting
  3263 | D:8      | Identified the +0 pair of boots "Kimaruuh" {Str+4}
  3274 | D:8      | Killed a centaur warrior
  3275 | D:8      | Reached XP level 11. HP: 52/94 MP: 11/26
  3276 | D:8      | Reached skill level 5 in Shields
  3341 | D:8      | Found Egoraeq's Weapon Boutique.
  3358 | D:8      | Reached **** piety under Ashenzari
  3715 | D:9      | Found a staircase to the Lair.
  3739 | Lair:1   | Entered Level 1 of the Lair of Beasts
  3752 | Lair:1   | Noticed Fannar
  3758 | Lair:1   | Noticed a six-headed hydra
  3765 | Lair:1   | Killed Fannar
  3768 | Lair:1   | Killed a six-headed hydra
  3934 | Lair:2   | Noticed a death yak
  3934 | Lair:2   | Noticed a death yak
  3934 | Lair:2   | Noticed a death yak
  3941 | Lair:2   | Noticed a death yak
  3948 | Lair:1   | Killed a death yak
  3949 | Lair:1   | Reached XP level 12. HP: 85/107 MP: 23/27
  3980 | Lair:1   | Reached ***** piety under Ashenzari
  4131 | Lair:3   | Reached skill level 10 in Dodging
  4133 | Lair:3   | Reached skill level 1 in Armour
  4164 | Lair:3   | Found a staircase to the Snake Pit.
  4209 | Lair:3   | Noticed a seven-headed hydra
  4215 | Lair:3   | Killed a seven-headed hydra
  4458 | Lair:4   | HP: 4/111 [wyvern (13)]
  4460 | Lair:4   | Killed from afar by a rime drake

Illustrated notes

Levels and vault maps discovered:
D:1:      dpeg_arrival_connections, layout_basic
D:2:      layout_basic, basic_altar
D:3:      minmay_chambers_of_threes, layout_loops_ring,
          mainiacjoe_overflow_six_doors_small
D:4:      layout_loops_ring, kennysheep_mini, evilmike_ruin_ashenzari,
          serial_shops, shop_fountains, kennysheep_cross_room,
          chequers_serial_rivers_micro_b
D:5:      layout_loops_corners, kennysheep_vampire_church, serial_bayou_ford_a,
          minmay_misc_feat_doors, dreamdust_gnoll_farm, uniq_sigmund
D:6:      hellmonk_ruined_rings, layout_basic, mainiacjoe_overflow_paths,
          mainiacjoe_overflow_boulevard
D:7:      layout_basic, nzn_hepliaklqana_mist_gate, temple_green, uniq_pikel
D:8:      minmay_the_grid_square_5x5_3x3 [minmay_the_grid_square_5x5_moneybag,
          minmay_the_grid_square_5x5_comb,
          minmay_the_grid_square_5x5_three_small,
          minmay_the_grid_square_5x5_fat_x,
          minmay_the_grid_square_5x5_megaprize_diamond,
          minmay_the_grid_square_5x5_c, minmay_the_grid_square_5x5_percent,
          minmay_the_grid_square_5x5_detours,
          minmay_the_grid_square_5x5_gyroscope], layout_basic,
          nicolae_uskayaw_murder_on_the_dancefloor, serial_shops,
          nicolae_shop_bloodbath_and_beyond, amcnicky_mini_pool_small
D:9:      layout_rooms, zin_angel, hellmonk_lair_entry_icy, uniq_erica
Lair:1:   layout_regular_city, uniq_fannar
Lair:2:   layout_chaotic_city, kennysheep_rathole, serial_bayou_shore_b,
          grunt_megastairs_5
Lair:3:   layout_gridlike, minmay_shoals_entry_beasts,
          minmay_snake_entry_guardpost_small, beast_lair_carwin_10
Lair:4:   layout_roguey [special_room_bee], slime_entry_2, special_room
          [special_room_mythical_zoo], beast_lair_carwin_4

Skill      XL: |  1  2  3  4  5  6  7  8  9 10 11 12 |
---------------+-------------------------------------+-----
Earth Magic    | 4 5 7 8 9 11 | 11.8
Spellcasting   | 3 5 6 7 8 |  8.5
Fighting       | 1 4 6 8 9 |  9.8
Dodging        | 3 5 7 9 11 | 11.1
Shields        | 4 7 9 |  9.4
Transmutations | 3 |  3.4
Armour         | 3 |  3.9
Stealth        | |  1.4

Action                   |  1- 3 |  4- 6 |  7- 9 | 10-12 || total
-------------------------+-------+-------+-------+-------++-------
Melee: Staff             |       |       |       |     2 ||     2
 Cast: Sandblast         |    27 |    22 |   130 |   221 ||   400
       Stone Arrow       |       |       |       |    80 ||    80
Invok: Curse Item        |       |       |     4 |     4 ||     8
Evoke: Phantom mirror    |       |       |       |     1 ||     1
  Use: Scroll            |       |       |       |     2 ||     2
       Potion            |       |       |       |     1 ||     1
Armor: Robe              |       |     3 |    15 |       ||    18
       Ring mail         |       |       |     2 |    46 ||    48
Dodge: Dodged            |       |     5 |    36 |   119 ||   160
Block: Kite shield       |       |       |       |   146 ||   146

Table legend: (Time is in decaauts)
 A = Elapsed time spent in this place.
 B = Non-inter-level travel time spent in this place.
 C = Inter-level travel time spent in this place.
 D = Time resting spent in this place.
 E = Time spent auto-exploring this place.
 F = Levels seen in this place.
 G = Mean time per level.
                   A        B        C        D        E       F      G
               +--------+--------+--------+--------+--------+-----+--------+
         Total |   4668 |   4399 |    269 |      0 |   2545 |  13 |  359.1 |
       Dungeon |   3907 |   3638 |    269 |      0 |   2330 |   9 |  434.1 |
          Lair |    761 |    761 |      0 |      0 |    215 |   4 |  190.2 |
               +--------+--------+--------+--------+--------+-----+--------+

Top non-repeatable levels by time:
     D:5: 1001 daAuts
     D:8: 577 daAuts
     D:6: 474 daAuts
     D:4: 433 daAuts
     D:1: 364 daAuts
     D:2: 349 daAuts
  Lair:1: 305 daAuts
     D:3: 290 daAuts
     D:7: 242 daAuts
  Lair:3: 225 daAuts
     D:9: 173 daAuts
  Lair:4: 150 daAuts
  Lair:2: 79 daAuts
